 Dungeon Crawl Stone Soup version 0.25.1-2-g60ff931df9 (webtiles) character file.

Game seed: 10673005289096844114

1945 lepoulpe303 the Magician (level 8, -3/36 HPs)
             Began as a Spriggan Earth Elementalist on Oct 29, 2020.
             Slain by an orc warrior
             ... wielding a +0 glaive
              (18 damage)
             ... on level 6 of the Dungeon.
             The game lasted 00:28:57 (9188 turns).

lepoulpe303 the Magician (SpEE)                     Turns: 9188, Time: 00:28:58

Health: -3/36      AC:  2    Str:  4    XL:     8   Next: 98%
Magic:  16/19      EV: 22    Int: 19    God:
Gold:   361        SH:  0    Dex: 16    Spells: 8/21 levels left

rFire    . . .     SeeInvis +   b - +2 dagger (venom)
rCold    . . .     Gourm    .   (shield restricted)
rNeg     . . .     Faith    .   c - +0 robe
rPois    +         Spirit   .   (helmet restricted)
rElec    .         Reflect  .   (no cloak)
rCorr    .         Harm     .   (gloves unavailable)
MR       +....                  (boots unavailable)
Stlth    ++++......             (no amulet)
HPRegen  0.12/turn              P - ring of poison resistance
MPRegen  0.16/turn              (no ring)

@: very quick
A: very small, unfitting armour, see invisible, herbivore, speed 3, slow
metabolism 2
a: no special abilities


You were on level 6 of the Dungeon.
You were not hungry.

You visited 2 branches of the dungeon, and saw 7 of its levels.
You also visited: Ossuary.

You collected 361 gold pieces.

Inventory:

Hand Weapons
 a - the +8 dagger of Xiumanwa {flame, *Slow rN+ Str+2}
   (You found it on level 5 of the Dungeon)

   It has been specially enchanted to burn those struck by it, causing extra
   injury to most foes and up to half again as much damage against particularly
   susceptible opponents.
   It affects your strength (+2).
   It protects you from negative energy.
   It may slow you when you take damage.
 b - a +2 dagger of venom (weapon)
Missiles
 d - 12 poisoned darts (quivered)
 Q - 15 stones
Armour
 c - a +0 robe (worn)
Jewellery
 P - a ring of poison resistance (left hand)
Scrolls
 f - 3 scrolls of remove curse {unknown}
 g - 5 scrolls of enchant armour {unknown}
 i - 3 scrolls of identify
 l - a scroll of blinking {unknown}
 m - 2 scrolls of teleportation {unknown}
 n - 3 scrolls of amnesia {unknown}
 p - a scroll of fog {unknown}
 t - 2 scrolls of immolation {unknown}
Potions
 h - a potion of stabbing {unknown}
 j - 2 potions of flight
 k - 4 potions of heal wounds {unknown}
 o - 2 potions of magic
 q - 3 potions of curing
 r - 2 potions of invisibility {unknown}
 s - a potion of degeneration {unknown}
 u - 3 potions of brilliance
Comestibles
 e - 6 rations


   Skills:
 + Level 3.8 Short Blades
 + Level 6.3 Dodging
 + Level 6.8 Stealth
 * Level 7.3 Spellcasting
 - Level 1.3 Transmutations
 * Level 5.8 Earth Magic
 * Level 5.0 Poison Magic


You had 8 spell levels left.
You knew the following spells:

 Your Spells              Type           Power        Failure   Level  Hunger
a - Sandblast             Erth           ####..       1%          1    None
b - Mephitic Cloud        Conj/Pois/Air  ##......     16%         3    #......
c - Petrify               Tmut/Erth      ###.....     22%         4    ###....
w - Passwall              Tmut/Erth      ###.....     3%          2    None
x - Stone Arrow           Conj/Erth      ###...       9%          3    #......

Your spell library contained the following spells:

 Spells                   Type           Power        Failure   Level  Hunger
 Magic Dart               Conj           #...         10%         1    None
 Blink                    Tloc           N/A          16%         2    None
 Call Imp                 Summ           #.......     16%         2    None
 Slow                     Hex            #.......     16%         2    None
 Lee's Rapid Deconstruct  Erth           ####......   24%         5    #####..
 Conjure Flame            Conj/Fire      #.......     30%         3    #......


Dungeon Overview and Level Annotations

Branches:
Dungeon (6/15)             Temple (1/1) D:6         Ossuary (visited)

Altars:
Ashenzari
Cheibriados
Fedhas
Hepliaklqana
Kikubaaqudgha
Nemelex Xobeh
Qazlal
Sif Muna
Trog
Uskayaw
Vehumet
Wu Jian
Xom
Yredelemnul
Zin

Shops:
D:5 (

Annotations:
D:4 Madoushi's ghost, novice GrEE


Innate Abilities, Weirdness & Mutations

You are very small and have problems with some larger weapons.
You are too small for most types of armour.
You have supernaturally acute eyesight. (SInv)
You are a herbivore.
You cover ground extremely quickly.
You need to consume almost no food.


Message History

The orc warrior is poisoned.
You hit the orc warrior but do no damage.
The orc warrior looks as sick as possible!
The orc warrior hits you with a +0 glaive!
The orc wizard mumbles some strange words.
The orc wizard seems to speed up.
You take 12 damage, and have 24/36 hp.
MASSIVE DAMAGE!!
The orc wizard begins to cast a cantrip, but forgets the words!
The orc warrior barely misses you. The orc wizard casts a spell at you.
The puff of frost hits you!
* * * LOW HITPOINT WARNING * * *
You take 11 damage, and have 15/36 hp.
MASSIVE DAMAGE!!
Aim: an orc warrior, wielding a +0 glaive and wearing a +0 plate armour (heavily wounded, very poisoned)
The stone arrow hits the orc warrior!
The orc warrior hits you from afar with a +0 glaive!!
Ouch! That really hurt!
You die...

#........# #...# #........#
#...# #........# #...#
#######..#####...###########
######
#..##.......##....oo.#
#...(#
#..##.......##.#####o#
#....####........o..o..# <#
#...........#....(.o#### o#
............#...@o..# o#
#...........#.......# o#
#...........#.##...## .#
#...........#......# ..
.....########..PP..# ####.#
#..>P.## # #[# #...P.# # #.#
#.....# # # #.# ####### #8##


You could see an orc warrior (very poisoned), an orc wizard (fast) and 2 orcs.

Levels and vault maps discovered:
D:1:      lightli_arrival_maybe_door_vault, layout_loops_cross,
          minmay_tetromino_o4
D:2:      layout_basic, kiku_gazebo_garden_becter, first_ration, tgw_trog
D:3:      layout_loops_ring, uniq_robin, uniq_natasha
D:4:      layout_loops_cross, grunt_temple_overflow_open, ebering_ghost_sewer_d
D:5:      layout_loops_corners, fiery_altar_vehumet, serial_shops,
          nicolae_shop_stone
D:6:      layout_basic, nicolae_overflow_hidden_temple,
          minmay_temple_entry_overgrown, enter_ossuary_4, basic_altar,
          portal_sewer_entry_d
Temple:   dpeg_three_leaves_temple

Notes
Turn   | Place    | Note
-------+----------+-------------------------------------------
     0 | D:1      | lepoulpe303 the Spriggan Earth Elementalist began the quest
                  | for the Orb.
     0 | D:1      | Reached XP level 1. HP: 9/9 MP: 5/5
    19 | D:1      | Identified a cursed -2 club
    24 | D:1      | Identified a +0 club
    35 | D:1      | HP: 1/9 [leopard gecko (5)]
   344 | D:1      | Identified a +0 club
   349 | D:1      | Reached skill level 3 in Spellcasting
   360 | D:1      | Identified a +0 dagger
   402 | D:1      | Identified a +0 club
   405 | D:1      | Reached XP level 2. HP: 13/13 MP: 5/7
   430 | D:1      | Identified an uncursed ring of poison resistance
   738 | D:1      | Reached skill level 3 in Earth Magic
   874 | D:1      | Identified a +2 dagger of venom
   876 | D:1      | Identified a +0 dagger
   924 | D:1      | Identified a +0 short sword
  1054 | D:1      | Identified a +0 dagger
  1106 | D:1      | Reached XP level 3. HP: 15/16 MP: 8/8
  1110 | D:1      | Learned a level 2 spell: Passwall
  1114 | D:1      | Learned a level 3 spell: Stone Arrow
  1195 | D:1      | Identified a +0 short sword
  1198 | D:1      | Identified a cursed +0 club
  1470 | D:2      | Identified 5 scrolls of identify
  1470 | D:2      | Identified a cursed +0 robe (You found it on level 2 of the
                  | Dungeon)
  1599 | D:2      | Identified a +0 dagger
  2092 | D:2      | Found an ancient bone altar of Kikubaaqudgha.
  2143 | D:2      | Noticed a moth of wrath
  2146 | D:2      | Found a bloodstained altar of Trog.
  2177 | D:2      | HP: 1/16 [worm (15)]
  2694 | D:3      | Reached XP level 4. HP: 21/21 MP: 10/10
  2702 | D:3      | Learned a level 3 spell: Mephitic Cloud
  2713 | D:3      | Identified a +0 club
  2724 | D:3      | Identified a +0 trident
  2724 | D:3      | Identified a +0 scale mail
  2800 | D:3      | Noticed Natasha
  2813 | D:3      | Killed Natasha
  2813 | D:3      | Reached skill level 1 in Short Blades
  2813 | D:3      | Reached skill level 4 in Stealth
  2813 | D:3      | Reached skill level 4 in Spellcasting
  2884 | D:3      | Identified a +0 club
  2963 | D:3      | Identified a +0 short sword
  2963 | D:3      | Identified a +0 chain mail
  3023 | D:3      | Identified a +0 dagger
  3025 | D:3      | Identified a +0 club
  3026 | D:3      | Identified a +0 dagger
  3027 | D:3      | Identified a +0 short sword
  3027 | D:3      | Identified a +0 animal skin
  3027 | D:3      | Identified a +0 helmet
  3027 | D:3      | Noticed Robin
  3058 | D:3      | Killed Robin
  3058 | D:3      | Reached skill level 1 in Poison Magic
  3061 | D:3      | Identified a +0 dagger
  3061 | D:3      | Identified a +0 hunting sling
  3074 | D:3      | Reached XP level 5. HP: 24/24 MP: 12/12
  3174 | D:3      | Identified a cursed -2 club
  3264 | D:3      | Noticed Natasha
  3288 | D:3      | Killed Natasha
  3676 | D:4      | Found a runed translucent door.
  3680 | D:4      | Noticed Madoushi's ghost (novice GrEE)
  3693 | D:4      | Reached skill level 4 in Dodging
  3733 | D:4      | HP: 6/24 [poisoned by an adder]
  3740 | D:4      | HP: 5/24 [poisoned by an adder]
  3746 | D:4      | HP: 5/24 [poisoned by an adder]
  4018 | D:4      | Identified a +0 morningstar
  4018 | D:4      | Identified a +0 leather armour
  4065 | D:4      | Identified a +2 falchion of electrocution
  4065 | D:4      | Identified quicksilver dragon scales
  4334 | D:4      | Identified a +0 trident
  4353 | D:4      | Identified a +0 flail
  4354 | D:4      | Identified a +0 mace
  4355 | D:4      | Identified a +0 dagger
  4355 | D:4      | Identified a +0 robe
  4355 | D:4      | Identified a +0 dagger
  4582 | D:4      | Learned a level 4 spell: Petrify
  4610 | D:4      | Identified a cursed -3 whip
  4621 | D:4      | Reached skill level 4 in Earth Magic
  4621 | D:4      | Reached XP level 6. HP: 20/28 MP: 10/13
  4629 | D:4      | Identified a +0 giant spiked club
  4656 | D:4      | Reached skill level 2 in Poison Magic
  4738 | D:4      | HP: 7/28 [Madoushi's ghost/blast of sand (14)]
  4877 | D:4      | Found a sparkling altar of Nemelex Xobeh.
  4881 | D:4      | Found a shimmering blue altar of Sif Muna.
  4881 | D:4      | Found a shimmering altar of Xom.
  5128 | D:4      | Identified a +0 dagger
  5128 | D:4      | Identified a +0 robe
  5129 | D:4      | Identified a +0 dagger
  5132 | D:4      | Identified a +0 whip of pain
  5337 | D:4      | Identified a +0 mace
  5337 | D:4      | Identified a +0 leather armour
  5390 | D:4      | Identified a +0 war axe
  5392 | D:4      | Identified a +0 dagger
  5392 | D:4      | Identified a +0 robe
  5399 | D:4      | Identified a +0 short sword
  5415 | D:4      | Reached skill level 5 in Spellcasting
  5623 | D:4      | Identified 2 potions of brilliance
  5624 | D:4      | Identified 2 potions of magic
  5625 | D:4      | Identified 2 potions of flight
  5627 | D:5      | Entered Level 5 of the Dungeon
  5674 | D:5      | Reached skill level 5 in Stealth
  5733 | D:5      | Found Keekivost's Antique Weapon Emporium.
  5757 | D:5      | Found a radiant altar of Vehumet.
  5864 | D:5      | Reached skill level 2 in Short Blades
  5932 | D:5      | Reached skill level 5 in Dodging
  5932 | D:5      | Reached skill level 3 in Poison Magic
  5932 | D:5      | Reached XP level 7. HP: 15/32 MP: 8/16
  6098 | D:5      | Identified a +0 hand axe
  6098 | D:5      | Identified a +0 leather armour
  6098 | D:5      | Identified a +0 hand axe
  6098 | D:5      | Identified a cursed -2 short sword
  6098 | D:5      | Identified a cursed +0 ring mail
  6109 | D:5      | Identified a +0 dagger
  6109 | D:5      | Identified a +0 chain mail
  6113 | D:5      | Identified a cursed -3 short sword
  6113 | D:5      | Identified a +0 ring mail
  6478 | D:5      | Identified a +0 whip
  6479 | D:5      | Identified a +0 leather armour
  6480 | D:5      | Identified a +2 vorpal hand axe
  6480 | D:5      | Identified a +0 trident
  6480 | D:5      | Identified a +0 leather armour
  6480 | D:5      | Identified a cursed -3 short sword
  6557 | D:5      | Reached skill level 6 in Spellcasting
  6590 | D:5      | Reached skill level 5 in Earth Magic
  6590 | D:5      | Reached XP level 8. HP: 35/36 MP: 11/18
  6688 | D:5      | Got an iridescent dagger
  6689 | D:5      | Identified the +8 dagger of Xiumanwa {flame, *Slow rN+
                  | Str+2} (You found it on level 5 of the Dungeon)
  7022 | D:6      | Found a hazy altar of Hepliaklqana.
  7022 | D:6      | Identified a +0 whip
  7022 | D:6      | Identified a cursed -2 spear
  7023 | D:6      | Identified a cursed -2 spear
  7023 | D:6      | Identified a +0 ring mail
  7023 | D:6      | Identified a +0 kite shield
  7024 | D:6      | Reached skill level 6 in Stealth
  7027 | D:6      | Identified a cursed -2 halberd
  7041 | D:6      | HP: 6/36 [gnoll sergeant/cursed -2 spear (9)]
  7062 | D:6      | Reached skill level 3 in Short Blades
  7062 | D:6      | Reached skill level 4 in Poison Magic
  7329 | D:6      | Identified a +0 giant spiked club
  7349 | D:6      | Found a sand-covered staircase.
  7357 | Ossuary  | Entered an ossuary
  7445 | Ossuary  | HP: 8/36 [centaur zombie (7)]
  7502 | Ossuary  | HP: 9/36 [kobold zombie (3)]
  7513 | Ossuary  | HP: 8/36 [rat zombie (2)]
  7552 | Ossuary  | HP: 9/36 [hound zombie (2)]
  7567 | Ossuary  | HP: 4/36 [human zombie (6)]
  7961 | D:6      | Identified 3 potions of curing
  8121 | D:6      | Identified a +0 giant club
  8148 | D:6      | Reached skill level 6 in Dodging
  8148 | D:6      | Reached skill level 7 in Spellcasting
  8345 | D:6      | Identified a +0 leather armour
  8346 | D:6      | Identified a +0 dagger
  8457 | D:6      | Identified a +0 mace
  8457 | D:6      | Identified a +0 robe
  8457 | D:6      | Identified a +0 short sword
  8457 | D:6      | Identified a +0 robe
  8457 | D:6      | Identified a +3 trident of freezing
  8457 | D:6      | Identified a +0 robe
  8457 | D:6      | Identified a cursed +4 falchion
  8457 | D:6      | Identified a cursed +0 robe
  8585 | D:6      | HP: 5/36 [wight/cursed +4 falchion (10)]
  8928 | D:6      | Reached skill level 5 in Poison Magic
  8967 | D:6      | Found a shattered altar of Ashenzari.
  9007 | D:6      | Found a staircase to the Ecumenical Temple.
  9016 | Temple   | Entered the Ecumenical Temple
  9155 | D:6      | Identified a +0 flail
  9155 | D:6      | Identified a +0 leather armour
  9159 | D:6      | Identified a +0 glaive
  9159 | D:6      | Identified a +0 plate armour
  9161 | D:6      | Identified a +0 war axe
  9161 | D:6      | Identified a +0 leather armour
  9161 | D:6      | Identified a +1 dagger of draining
  9161 | D:6      | Identified a +0 robe
  9188 | D:6      | Slain by an orc warrior

Table legend:
 A = Turns spent in this place as a percentage of turns spent in the entire game.
 B = Non-inter-level travel turns spent in this place as a percentage of non-inter-level travel turns spent in the entire game.
 C = Inter-level travel turns spent in this place as a percentage of turns spent in this place.
 D = Turns resting spent in this place as a percentage of non-inter-level travel turns spent in this place.
 E = Turns spent auto-exploring this place as a percentage of non-inter-level travel turns spent in this place.
 F = Non-inter-level travel turns spent in this place divided by the number of levels of this place that you've seen.
                   A       B       C       D       E      F
               +-------+-------+-------+-------+-------+----------------------
         Total | 100.0 | 100.0 |   1.7 |  23.3 |  50.3 | 1128.5
       Dungeon |  92.1 |  92.0 |   1.9 |  25.4 |  50.8 | 1383.7
        Temple |   1.4 |   1.4 |   0.0 |   0.0 |  51.5 | 130.0
       Ossuary |   6.5 |   6.6 |   0.0 |   0.0 |  42.1 | 596.0
               +-------+-------+-------+-------+-------+----------------------

Table legend:
 A = Kills in this place as a percentage of kills in entire the game.
 B = Kills by you in this place as a percentage of kills by you in the entire game.
 C = Kills by friends in this place as a percentage of kills by friends in the entire game.
 D = Other kills in this place as a percentage of other kills in the entire game.
 E = Experience gained in this place as a percentage of experience gained in the entire game.
 F = Experience gained in this place divided by the number of levels of this place that you have seen.
                   A       B       C       D       E      F
               +-------+-------+-------+-------+-------+----------------------
         Total | 100.0 | 100.0 |   N/A |   N/A | 100.0 | 347.4
       Dungeon |  78.1 |  78.1 |   N/A |   N/A |  84.4 | 390.8
       Ossuary |  21.9 |  21.9 |   N/A |   N/A |  15.6 | 434.0
               +-------+-------+-------+-------+-------+----------------------

Skill      XL: |  1  2  3  4  5  6  7  8 |
---------------+-------------------------+-----
Spellcasting   | 3 4 5 6 7 |  7.3
Earth Magic    | 3 4 5 |  5.8
Short Blades   | 1 2 3 |  3.8
Stealth        | 4 5 6 |  6.8
Poison Magic   | 1 3 5 |  5.0
Dodging        | 4 5 6 |  6.3
Transmutations | |  1.3

Action                   |  1- 3 |  4- 6 |  7- 9 || total
-------------------------+-------+-------+-------++-------
Melee: Unarmed           |     7 |       |       ||     7
       Dagger            |   120 |   133 |   158 ||   411
Throw: Dart              |       |     6 |       ||     6
 Cast: Sandblast         |    19 |    36 |    54 ||   109
       Stone Arrow       |       |     9 |    11 ||    20
  Use: Scroll            |     1 |     3 |     2 ||     6
 Stab: Sleeping          |     5 |     6 |    11 ||    22
       Distracted        |     1 |       |       ||     1
  Eat: Ration            |       |     2 |     2 ||     4
Armor: Robe              |     9 |     6 |     6 ||    21
Dodge: Dodged            |   102 |   101 |   120 ||   323

Vanquished Creatures
  3 centaur zombies
  A phantom (D:5)
  3 ogres
  A bullfrog (D:6)
  A gnoll sergeant (D:6)
  A scorpion (D:5)
  4 wights (D:6)
  3 human zombies (Ossuary)
  A jelly (D:6)
  A bullfrog skeleton (D:5)
  2 bullfrog zombies
  2 orc priests (D:5)
  Natasha (twice) (D:3)
  3 orc wizards (D:4)
  2 worker ants (D:5)
  2 big kobold zombies (Ossuary)
  2 hound zombies (Ossuary)
  3 mummies (Ossuary)
  Robin (D:3)
  3 gnolls (D:6)
  10 adders
  An ooze (D:3)
  An adder skeleton (D:5)
  6 adder zombies (Ossuary)
  5 worms
  3 leopard geckos
  25 orcs
  4 bats
  A giant cockroach (D:1)
  18 goblins
  7 hobgoblins
  12 jackals
  4 quokkas
  A ball python (D:3)
  3 frilled lizards
  4 goblin zombies
  3 hobgoblin zombies (Ossuary)
  4 jackal zombies (Ossuary)
  7 kobolds
  3 kobold zombies (Ossuary)
  An orc zombie (Ossuary)
  A quokka skeleton (D:6)
  5 quokka zombies (Ossuary)
  9 rats
  4 rat zombies
183 creatures vanquished.

Vanquished Creatures (others)
  A worker ant (D:5)
1 creature vanquished.

Grand Total: 184 creatures vanquished
